 Dungeon Crawl Stone Soup version 0.29.1-15-g9cfb28693d (webtiles) character file.

Game seed: 5964511237049360723

1330 leetdood the Cleaver (level 8, -14/71 HPs)
             Began as a Minotaur Fighter on Mar 11, 2023.
             Killed from afar by an acid dragon (31 damage)
             ... with a splash of acid
             ... on level 6 of the Dungeon.
             The game lasted 00:13:33 (5187 turns).

leetdood the Cleaver (Minotaur Fighter)             Turns: 5187, Time: 00:13:35

Health: -14/71     AC:  7    Str: 22    XL:     8   Next: 34%
Magic:  7/7        EV:  6    Int:  5    God:
Gold:   307        SH:  5    Dex: 11    Spells: 7/7 levels left

rFire   . . .      SeeInvis .   a - +0 war axe
rCold   . . .      Faith    .   c - +0 buckler
rNeg    . . .      Spirit   .   p - +0 plate armour
rPois   .          Reflect  .   (helmet restricted)
rElec   .          Harm     .   l - +0 cloak
rCorr   .          Rampage  .   (no gloves)
Will    .....                   o - +0 pair of boots
Stlth   ..........              v - amulet of regeneration
HPRegen 1.01/turn               (no ring)
MPRegen 0.10/turn               (no ring)

@: corroded
A: horns 2, retaliatory headbutt
a: no special abilities


You were on level 6 of the Dungeon.
You visited 1 branch of the dungeon, and saw 6 of its levels.

You collected 307 gold pieces.

Inventory:

Hand Weapons
 a - a +0 war axe (weapon)
Missiles
 k - 3 boomerangs (quivered)
Armour
 c - a +0 buckler (worn)
 l - a +0 cloak (worn)
 o - a +0 pair of boots (worn)
 p - a +0 plate armour (worn)
Jewellery
 v - an amulet of regeneration (around neck)
Scrolls
 d - 2 scrolls of vulnerability {unknown}
 f - 2 scrolls of poison {unknown}
 g - 7 scrolls of teleportation
 i - 3 scrolls of blinking {unknown}
 j - a scroll of magic mapping {unknown}
 m - a scroll of silence {unknown}
 n - 3 scrolls of enchant weapon {unknown}
 t - 2 scrolls of immolation {unknown}
 u - a scroll of enchant armour {unknown}
 w - 3 scrolls of noise {unknown}
 y - 2 scrolls of summoning {unknown}
Potions
 b - 3 potions of curing
 e - a potion of berserk rage
 q - a potion of ambrosia
 r - a potion of haste
 s - a potion of flight {unknown}
 x - 2 potions of lignification
 z - a potion of degeneration {unknown}
 A - a potion of heal wounds {unknown}
 B - a potion of invisibility {unknown}


   Skills:
 + Level 6.6 Fighting
 * Level 8.1 Axes
 + Level 6.5 Armour
 + Level 6.5 Shields


You had 7 spell levels left.
You didn't know any spells.
Your spell library contained the following spells:

 Spells                   Type           Power      Damage    Failure   Level
 Conjure Flame            Conj/Fire      0%         6-21      100%        3
 Ignite Poison            Fire/Tmut/Pois 0%         N/A       100%        3
 Sticky Flame             Conj/Fire      0%         2d3       100%        4


Dungeon Overview and Level Annotations

Branches:
Dungeon (6/15)
 Temple: D:4-7

Altars:
Xom

Shops:
D:4 (

Annotations:
D:6 2 transporters, Seidenschwarz's ghost, novice MiFi


Innate Abilities, Weirdness & Mutations

You have a pair of horns on your head.
You reflexively headbutt those who attack you in melee.


Message History

You hit the scorpion. You headbutt the scorpion!
The scorpion is severely wounded.
You block the scorpion's attack.
The scorpion stings you but does no damage.
You closely miss the scorpion.
The scorpion is severely wounded.
The scorpion barely misses you.
You barely miss the scorpion.
The scorpion is severely wounded.
The scorpion barely misses you. You furiously retaliate!
You headbutt the scorpion!
You kill the scorpion!
Your Axes skill increases to level 8!
n - 3 scrolls labelled XEZOSYEMUXA (gained 1) As you open the door, it creaks loudly!
y - a scroll labelled ZEX AQIL LOYM
y - 2 scrolls labelled ZEX AQIL LOYM (gained 1)
You open the door.
There is an open door here.
You open the door.
Found a stone staircase leading down.
As you read the scroll of identify, it crumbles to dust.
r - a potion of haste
There is an open door here.
You open the door.
There is an open door here.
An acid dragon comes into view.
The acid dragon roars!
The acid dragon spits acid at you. The splash of acid hits you!!
The acid corrodes you! The acid dragon spits acid at you.
The splash of acid hits you!! The acid corrodes you!
You slash the acid dragon!
The acid dragon is moderately wounded.
The acid dragon bites you!
* * * LOW HITPOINT WARNING * * *
You block the acid dragon's attack. The acid dragon spits acid at you.
The splash of acid hits you!!
You die...

#.# ######### .# #.# ........####
.# #.# ........##.######.# #.#
......>.##......#.# # #.#
........'..####.#.##.##########.#
........#.......#................
........##...####D...............
........##......@................
........##.#.....................
######'###.....#.................
######...........?...............
.....#.#########.................
.....'........ ..................
.....####.#### ..................
#####..<# # #.................
#.### #................


You could see an acid dragon (catching breath).

Vanquished Creatures
  Edmund (D:6)
  2 black bears
  2 ogres
  2 centaurs
  A bullfrog (D:6)
  A scorpion (D:6)
  A necrophage (D:6)
  An orc priest (D:4)
  A jelly (D:5)
  2 quasits (D:4)
  A hound (D:5)
  4 iguanas (D:5)
  A mummy (D:5)
  4 gnolls (D:5)
  8 adders
  3 shadow imps
  3 white imps (D:4)
  2 ufetubi
  3 worms (D:3)
  A dart slug (D:1)
  11 orcs
  8 ball pythons
  5 bats
  2 endoplasms
  2 giant cockroaches (D:2)
  6 goblins
  8 hobgoblins
  4 jackals
  4 quokkas
  4 frilled lizards
  4 kobolds
  4 rats
106 creatures vanquished.

Vanquished Creatures (others)
  3 demonic plants (D:4)
3 creatures vanquished.

Grand Total: 109 creatures vanquished

Notes
Turn   | Place    | Note
-------+----------+-------------------------------------------
     0 | D:1      | leetdood the Minotaur Fighter began the quest for the Orb.
     0 | D:1      | Reached XP level 1. HP: 19/19 MP: 0/0
    42 | D:1      | Found a faded altar of an unknown god.
   196 | D:1      | Reached XP level 2. HP: 27/27 MP: 1/1
   298 | D:1      | Reached skill level 3 in Axes
   627 | D:1      | Reached XP level 3. HP: 33/33 MP: 2/2
  1777 | D:3      | Reached XP level 4. HP: 38/40 MP: 3/3
  2349 | D:3      | Reached skill level 4 in Axes
  2478 | D:4      | Reached XP level 5. HP: 21/47 MP: 4/4
  3064 | D:4      | Found Mireigef's Antique Weapon Shop.
  3392 | D:4      | Found a shimmering altar of Xom.
  3420 | D:4      | Reached skill level 5 in Axes
  3571 | D:5      | Entered Level 5 of the Dungeon
  3689 | D:5      | Noticed a centaur
  3694 | D:5      | Killed a centaur
  3695 | D:5      | Reached skill level 5 in Fighting
  3695 | D:5      | Reached skill level 5 in Armour
  3695 | D:5      | Reached XP level 6. HP: 54/56 MP: 5/5
  3728 | D:5      | Reached skill level 5 in Shields
  3872 | D:5      | Reached skill level 6 in Axes
  3872 | D:5      | Reached XP level 7. HP: 52/61 MP: 6/6
  4589 | D:6      | Reached skill level 7 in Axes
  4614 | D:6      | Reached XP level 8. HP: 46/70 MP: 7/7
  4651 | D:6      | Noticed Edmund
  4669 | D:6      | Killed Edmund
  5052 | D:6      | Found a transporter.
  5054 | D:6      | Found a transporter.
  5055 | D:6      | Noticed Seidenschwarz's ghost (novice MiFi)
  5057 | D:6      | Noticed a queen bee
  5078 | D:6      | Noticed a hornet
  5126 | D:6      | Reached skill level 8 in Axes
  5187 | D:6      | Killed from afar by an acid dragon

Illustrated notes

Levels and vault maps discovered:
D:1:      dpeg_arrival_pond, layout_basic, nicolae_ecumenical_snake_handling
D:2:      layout_basic
D:3:      layout_basic, chequers_serial_rivers_large_a, kennysheep_crisscross
D:4:      layout_cave_pools, mainiacjoe_overflow_surrounded_room, serial_shops,
          nicolae_shop_trees, serial_demonic, serial_demonic_a,
          serial_demonic_e, serial_demonic_c, serial_demonic_g,
          serial_demonic_c, serial_demonic_c, serial_demonic_f
D:5:      layout_loops_corners, gup_ossuary_entry_pyramid
D:6:      layout_basic, gammafunk_ghost_hive, uniq_edmund

Skill      XL: |  1  2  3  4  5  6  7  8 |
---------------+-------------------------+-----
Axes           | 3 4 5 6 7 8 |  8.1
Fighting       | 4 5 6 |  6.6
Armour         | 4 5 6 |  6.5
Shields        | 4 5 6 |  6.5

Action                   |  1- 3 |  4- 6 |  7- 9 || total
-------------------------+-------+-------+-------++-------
Melee: War axe           |    81 |   111 |    79 ||   271
       Headbutt          |     6 |    20 |    17 ||    43
  Use: Scroll            |       |       |     7 ||     7
       Potion            |       |       |     1 ||     1
Armor: Scale mail        |    27 |       |       ||    27
       Plate armour      |     5 |   104 |    42 ||   151
Dodge: Dodged            |    35 |    41 |    22 ||    98
Block: Buckler           |    19 |    25 |    19 ||    63
